[Event "Early-Titled-Tuesday-Blitz-March-12-2024"]
[Site "Chess.com"]
[Date "2024.03.12"]
[Round "4"]
[White "superchthonic"]
[Black "zajka-molotok"]
[Result "0-1"]
[WhiteElo "2703"]
[BlackElo "2524"]
[TimeControl "180+1"]
[EndTime "8:39:35 PDT"]
[Termination "zajka-molotok won by resignation"]

1. Nf3 c5 2. g3 Nc6 3. Bg2 e5 4. e4 Nf6 5. d3 d6 6. c3 Be7 7. a3 O-O 8. b4 b6 9. b5 Na5 10. Nbd2 Be6 11. c4 a6 12. a4 Nb7 13. Bb2 g6 14. O-O Nh5 15. Re1 Qd7 16. h4 Nd8 17. Nf1 f6 18. Ne3 Nf7 19. bxa6 Rxa6 20. Qb3 Rfa8 21.
Qb5 Bd8 22. Qxd7 Bxd7 23. Nd5 Rxa4 24. Rxa4 Rxa4 25. Nc3 Ra6 26. Rb1 Ng7 27. Bc1 Ne6 28.
Bh3 Kf8 29. Nd2 Ke8 30. Bxe6 Bxe6 31. Nf1 Kd7 32. Ne3 h5 33. Kg2 Kc6 34. f4 f5 35.
Kf3 exf4 36. Kxf4 Ne5 37. exf5 gxf5 38. Nxf5 Nxd3+ 39. Ke4 Nxc1 40. Rxc1 Bxc4 41. Ne3 Bg8 42. Kf3 d5 43. Nf5 Bh7 44. Ng7 Bf6 45. Nxh5 Bxc3 46. Rxc3 d4 47. Rb3 c4 48. Rb2 c3 49. Rb3 c2 0-1

[Event "Early-Titled-Tuesday-Blitz-March-12-2024"]
[Site "Chess.com"]
[Date "2024.03.12"]
[Round "4"]
[White "ViIIagra"]
[Black "FairChess_on_YouTube"]
[Result "0-1"]
[WhiteElo "2922"]
[BlackElo "3131"]
[TimeControl "180+1"]
[EndTime "8:39:36 PDT"]
[Termination "FairChess_on_YouTube won on time"]

1. e4 c5 2. Nc3 e6 3. g3 d5 4. d3 Nc6 5. Bg2 d4 6. Nce2 e5 7. f4 Bd6 8. Nf3 Nge7 9. c3 O-O 10.
O-O f6 11. fxe5 Bxe5 12. cxd4 Bxd4+ 13. Nexd4 Nxd4 14. Be3 Nec6 15. Rc1 Nxf3+ 16. Bxf3 Bh3 17. Rf2 b6 18. Qb3+ Kh8 19. Qd5 Ne5 20. d4 cxd4 21. Bxd4 Nd3 22. Rd1 Nxf2 23. Kxf2 Qc7 24. Bc3 Rad8 25.
Qh5 Rxd1 26. Bxd1 Be6 27. a3 Bf7 28. Qf3 Bg6 29. Bc2 Re8 30. Bd3 Qc6 31. Ke3 Qc5+ 32. Bd4 Qg5+ 33. Qf4 Qh5 34. h4 Bxe4 35. Bxe4 f5 0-1

[Event "Early-Titled-Tuesday-Blitz-March-12-2024"]
[Site "Chess.com"]
[Date "2024.03.12"]
[Round "4"]
[White "awesomevishesh"]
[Black "ccccvhhhj"]
[Result "1-0"]
[WhiteElo "2643"]
[BlackElo "2456"]
[TimeControl "180+1"]
[EndTime "8:39:36 PDT"]
[Termination "awesomevishesh won by resignation"]

1. a3 d5 2. d4 Nf6 3. Nf3 Bf5 4. Bf4 e6 5. e3 Bd6 6. Ne5 O-O 7. Bd3 Bxd3 8. cxd3 c5 9. dxc5 Bxc5 10. d4 Be7 11.
Nc3 Nbd7 12. O-O Nxe5 13. dxe5 Nd7 14. e4 Nb6 15. exd5 exd5 16. Be3 Nc4 17. Nxd5 Nxe3 18.
Nxe3 Qa5 19. Nd5 Bg5 20. b4 Qd8 21. f4 Bh6 22. Qd3 a5 23. b5 a4 24. f5 Qg5 25.
Rad1 Rfd8 26. e6 fxe6 27. fxe6 Kh8 28. e7 Rdc8 29. Kh1 Qh5 30. Nb6 Qe8 31. Nxa8 Rxa8 32.
Rf8+ Qxf8 33. exf8=Q+ Rxf8 34. g3 Bg5 35. Rf1 Bf6 36.
Kg2 h6 37. Rc1 Re8 38. Rc7 b6 39. Rc6 Rd8 40. Qxd8+ Bxd8 41. Rc8 1-0

[Event "Early-Titled-Tuesday-Blitz-March-12-2024"]
[Site "Chess.com"]
[Date "2024.03.12"]
[Round "4"]
[White "Sadykov_Ramil"]
[Black "Peng_Li-Min"]
[Result "0-1"]
[WhiteElo "2596"]
[BlackElo "2810"]
[TimeControl "180+1"]
[EndTime "8:39:39 PDT"]
[Termination "Peng_Li-Min won on time"]

1. e4 Nc6 2. Nf3 e5 3. Nc3 Nf6 4. d4 Bb4 5. d5 Ne7 6. Bd3 d6 7. h3 O-O 8. a3 Bxc3+ 9. bxc3 Nd7 10. c4 f5 11. exf5 Nc5 12. g4 e4 13. Bxe4 Nxe4 14.
Qd4 Bxf5 15. Bb2 Nf6 16. gxf5 Nxf5 17. Qd3 Qe8+ 18. Kf1 Qh5 19. Re1 Rf7 20. Re6 Raf8 21. Rg1 Qxh3+ 22. Ke1 Nh5 23. Ng5 Qxd3 24. cxd3 Re7 25.
Rxe7 Nxe7 26. Ne6 Rf7 27. Nxc7 Nf5 28. Ne6 g6 29. Kd2 Nf4 30. Bc3 Nh4 31. Bd4 Nf3+ 32. Kc3 Nxg1 33. Ng5 Nge2+ 0-1

[Event "Early-Titled-Tuesday-Blitz-March-12-2024"]
[Site "Chess.com"]
[Date "2024.03.12"]
[Round "4"]
[White "ValeriyGrinev"]
[Black "ViktoriyaTarasova"]
[Result "1-0"]
[WhiteElo "2567"]
[BlackElo "2300"]
[TimeControl "180+1"]
[EndTime "8:39:39 PDT"]
[Termination "ValeriyGrinev won on time"]

1. d4 Nf6 2. c4 e6 3. Nc3 Bb4 4.
e3 O-O 5. Bd3 d5 6. Nf3 dxc4 7.
Bxc4 c5 8. O-O cxd4 9. exd4 b6 10. Bg5 Bb7 11. Rc1 Nbd7 12. Qe2 Rc8 13. Bb3 h6 14. Bh4 Bxc3 15. bxc3 Qe7 16. Rfd1 a6 17. d5 Nc5 18. d6 Qd7 19. Ne5 Qd8 20. Bc2 g5 21. Bg3 Be4 22. d7 Rc7 23. Nxf7 Kxf7 24. Bxc7 Qxc7 25.
Bxe4 Ncxe4 26. Qxa6 Rd8 27. Rb1 Rxd7 28. Rxd7+ Nxd7 29. Qd3 Nef6 30. h4 Qc5 31. hxg5 hxg5 32. Rb5 Qa3 33. Qc2 g4 34. Rg5 Nf8 35. c4 Qd6 36. c5 bxc5 37. Rxc5 Qd4 38. Rc7+ Kg8 39. g3 Qa1+ 40.
Kg2 Qe5 41. Qd3 Qd5+ 42. Qxd5 Nxd5 43. Rb7 Ng6 44. a4 Ne5 45. a5 1-0

[Event "Early-Titled-Tuesday-Blitz-March-12-2024"]
[Site "Chess.com"]
[Date "2024.03.12"]
[Round "4"]
[White "maciek_92"]
[Black "Matibar"]
[Result "0-1"]
[WhiteElo "2885"]
[BlackElo "2766"]
[TimeControl "180+1"]
[EndTime "8:39:41 PDT"]
[Termination "Matibar won on time"]

1. c4 e6 2. Nf3 d5 3. e3 Nf6 4. b3 Bd6 5. Bb2 O-O 6. g3 dxc4 7.
bxc4 b6 8. Bg2 Bb7 9. O-O c5 10. Qe2 Nbd7 11. Rd1 Qc7 12. Nc3 a6 13. a4 Rad8 14. a5 bxa5 15. d4 Ne4 16. Nxe4 Bxe4 17. Bc3 Rb8 18. Bxa5 Qc6 19. d5 exd5 20. cxd5 Qb5 21.
Qe1 Nf6 22. Bf1 Qd7 23. Ng5 Bc2 24. Rd2 Qf5 25. f4 Ne4 26. Rxc2 Nxg5 27. Rf2 Ne4 28. Bd3 Qxd5 29. Rd1 Be7 30. Rc2 Qc6 31. Bc4 Nf6 32.
g4 Nxg4 33. Bd5 Qa4 34. Rdc1 Qa3 35. Re2 Rb2 0-1

[Event "Early-Titled-Tuesday-Blitz-March-12-2024"]
[Site "Chess.com"]
[Date "2024.03.12"]
[Round "4"]
[White "Tash_Boy"]
[Black "KuzubovYuriy"]
[Result "0-1"]
[WhiteElo "2692"]
[BlackElo "2906"]
[TimeControl "180+1"]
[EndTime "8:39:42 PDT"]
[Termination "KuzubovYuriy won by resignation"]

1. e4 e6 2. d4 d5 3. Nc3 Bb4 4.
e5 Ne7 5. a3 Bxc3+ 6. bxc3 b6 7. Qg4 Ng6 8. h4 h5 9. Qg3 Ba6 10. Bxa6 Nxa6 11. Ne2 Qd7 12. Nf4 Nxf4 13. Bxf4 f5 14.
exf6 gxf6 15. Qd3 Nb8 16. O-O Nc6 17. Rab1 Na5 18. Rfe1 Kf7 19. Qf3 Rag8 20. Re2 Nc4 21. Rbe1 c6 22. a4 Rg4 23. Bg5 f5 24. g3 Re8 25. Qg2 Re4 26. Qf3 Kg6 27. Rxe4 dxe4 28. Rxe4 Qd5 29. Rf4 Qxf3 30. Rxf3 Rb8 31. Rd3 a5 32.
Rd1 b5 33. axb5 cxb5 34. d5 exd5 35. Rxd5 a4 36. Rc5 Rb6 37. Bc1 a3 38. Rc8 Ra6 39.
Bxa3 Rxa3 40. Rc6+ Kf7 41. Rc5 Nd6 42. Kg2 Ra2 43. Rc6 Ke6 44. Rc7 Rxc2 45. Kf3 Ne4 46. Rc6+ Ke5 47. Rb6 Rxf2+ 48. Ke3 Rb2 49. Rh6 Nxg3 0-1

[Event "Early-Titled-Tuesday-Blitz-March-12-2024"]
[Site "Chess.com"]
[Date "2024.03.12"]
[Round "4"]
[White "jumpingknight20"]
[Black "temus_galaktionov"]
[Result "0-1"]
[WhiteElo "2680"]
[BlackElo "2886"]
[TimeControl "180+1"]
[EndTime "8:39:43 PDT"]
[Termination "temus_galaktionov won by resignation"]

1. e4 c6 2. d4 g6 3. Nc3 d6 4. h3 Bg7 5. Nf3 Nd7 6. a4 e5 7.
Be2 Ngf6 8. O-O O-O 9. Re1 Re8 10.
Bf1 a5 11. Be3 Qc7 12. Qd2 exd4 13. Bxd4 Ne5 14. Nxe5 dxe5 15. Be3 Be6 16. Bg5 Rad8 17. Qe3 Rd4 18. Qf3 Qe7 19. Be3 Rd7 20. Rad1 Red8 21.
Bb6 Rxd1 22. Rxd1 Rxd1 23. Qxd1 Nd7 24. Bc7 Qb4 25. Qc1 h6 26. Kh1 Nc5 27. Bd6 Qd4 28. Bxc5 Qxc5 29. Qd2 Qb4 30. b3 Bf8 31. f3 Kg7 32.
Nb1 Bc5 33. Qxb4 Bxb4 34. Kg1 Bc5+ 35. Kh1 Be3 36. Na3 Bd2 37. Bc4 Bd7 38. Bd3 Kf6 39. Kg1 Bb4 40. Nc4 b5 41. Nb6 Bc5+ 42. Kf1 Bxb6 43.
c3 bxa4 44. bxa4 Ke7 45. Ke2 h5 46. Bc4 h4 47. Kd3 Be6 48. Ba6 Bb3 49. c4 Bd4 50. c5 Bxa4 51. Kd2 Kf6 52. Bc4 Bxc5 53. Kc3 Bd4+ 54. Kd2 Bb5 55. Ba2 a4 56. Kc2 Kg7 57. Kd2 f5 58. Kc2 Kf6 59. Kd2 Kg5 60. Bf7 Bf1 61.
Be8 Bxg2 62. Bxc6 a3 63. Bd5 Bxh3 64. exf5 gxf5 65. Kd3 Kf4 66. Ke2 Bg2 67. Ba2 h3 68. Kd3 h2 69. Kc4 h1=Q 70. Kb4 Qa1 71. Bb3 Qb2 72. Kc4 Qc3+ 73. Kd5 Qxb3+ 74. Kd6 Qxf3 0-1

[Event "Early-Titled-Tuesday-Blitz-March-12-2024"]
[Site "Chess.com"]
[Date "2024.03.12"]
[Round "4"]
[White "GeorgiosSouleidis"]
[Black "Hovik_Hayrapetyan"]
[Result "1-0"]
[WhiteElo "2671"]
[BlackElo "2831"]
[TimeControl "180+1"]
[EndTime "8:39:43 PDT"]
[Termination "GeorgiosSouleidis won on time"]

1. e4 c5 2. Be2 d6 3. d3 g6 4.
f4 Bg7 5. Nf3 Nc6 6. O-O e6 7.
c3 Nge7 8. Be3 h5 9. d4 cxd4 10.
cxd4 d5 11. e5 Nf5 12. Bf2 h4 13. Qd2 Bd7 14. Nc3 a6 15. Rac1 Bf8 16. Bd3 Be7 17. Rfd1 b5 18. h3 Qb6 19. Kh2 Rc8 20. Bxf5 gxf5 21.
Qe1 Kf8 22. Nxh4 Na5 23. Nf3 Nc4 24. b3 Na3 25. Ne2 Nc2 26. Qd2 Nb4 27. Rxc8+ Bxc8 28. Rc1 Bd7 29. a3 Nc6 30. b4 a5 31. Rb1 axb4 32. axb4 Kg7 33. Ne1 Ra8 34. Nd3 Ra3 35. Nc5 Bxc5 36.
bxc5 Qa5 37. Qd1 b4 38. Bh4 Ra2 39. Bf6+ Kf8 40. Ng3 Qa4 41. Qh5 1-0

[Event "Early-Titled-Tuesday-Blitz-March-12-2024"]
[Site "Chess.com"]
[Date "2024.03.12"]
[Round "4"]
[White "LileKoridze"]
[Black "BeardedNM"]
[Result "1-0"]
[WhiteElo "2432"]
[BlackElo "2225"]
[TimeControl "180+1"]
[EndTime "8:39:43 PDT"]
[Termination "LileKoridze won on time"]

1. d4 e6 2. c4 Nf6 3. Nf3 d5 4. g3 Be7 5. Bg2 O-O 6. O-O dxc4 7. Qc2 a6 8. Qxc4 b5 9. Qc2 Bb7 10. a3 Nc6 11. Rd1 Ra7 12. Ne5 Nxd4 13. Rxd4 Qxd4 14. Be3 Qxe5 15. Bxa7 Bxg2 16. Kxg2 c5 17. Nc3 Qc7 18. Bxc5 Qxc5 19. e4 Rc8 20. Qe2 Qc4 21. Qf3 b4 22. axb4 Bxb4 23. Rc1 a5 24. Na2 Qa6 25. Rd1 e5 26.
Rd3 h6 27. Qf5 Qc6 28. Re3 Bc5 29. Re2 Bd4 30. Qf3 Rb8 31. b3 a4 32. bxa4 Qxa4 33.
Nc1 Rb2 34. Qd3 Rxe2 35. Nxe2 Qc6 36. f3 Qd6 37. Nc3 Qb6 38. Ne2 Qb2 39. Kh3 Kh7 40.
f4 Nd7 41. fxe5 Bxe5 42. Qxd7 Qxe2 43. Qf5+ g6 44. Qxe5 h5 45. Qf4 Kg7 46. e5 Qb5 47. Qf6+ Kg8 48. e6 Qf5+ 49. Qxf5 gxf5 50. e7 1-0

[Event "Early-Titled-Tuesday-Blitz-March-12-2024"]
[Site "Chess.com"]
[Date "2024.03.12"]
[Round "4"]
[White "Iskusnyh"]
[Black "Grandelicious"]
[Result "0-1"]
[WhiteElo "2674"]
[BlackElo "2874"]
[TimeControl "180+1"]
[EndTime "8:39:44 PDT"]
[Termination "Grandelicious won on time"]

1. d4 Nf6 2. c4 g6 3. g3 Bg7 4. Bg2 O-O 5. Nc3 d6 6. Nf3 c6 7. e4 Nbd7 8. O-O e5 9. Be3 Qa5 10. h3 exd4 11. Nxd4 Ne5 12. Qe2 Be6 13. Nxe6 fxe6 14.
f4 Nf7 15. Rad1 Rad8 16. Kh2 Rfe8 17. Qc2 Nd7 18. Bd2 Qc7 19. b4 a5 20. b5 Nc5 21.
Be3 Nd7 22. bxc6 bxc6 23. c5 d5 24. Na4 Rb8 25. e5 Rb4 26. a3 Rc4 27. Qb3 Rb8 28.
Nb6 Nxc5 29. Bxc5 Rxc5 30. Rb1 Rb5 31. Nxd5 exd5 32. Qc2 Rxb1 33. Rxb1 Rxb1 34. Qxb1 Bxe5 35. fxe5 Nxe5 0-1

[Event "Early-Titled-Tuesday-Blitz-March-12-2024"]
[Site "Chess.com"]
[Date "2024.03.12"]
[Round "4"]
[White "KnightmareJoker"]
[Black "amylazy"]
[Result "0-1"]
[WhiteElo "2201"]
[BlackElo "2420"]
[TimeControl "180+1"]
[EndTime "8:39:44 PDT"]
[Termination "amylazy won by checkmate"]

1. e4 c5 2. Nf3 e6 3. d4 cxd4 4. Nxd4 a6 5. c4 Nf6 6. Nc3 Qc7 7. Be3 b6 8. Be2 Bb7 9. f3 d6 10. O-O Nbd7 11. b3 Be7 12. Qc2 O-O 13. Rad1 Rac8 14. Kh1 Rfe8 15. Qd2 d5 16. exd5 exd5 17. cxd5 Qxc3 18.
Qxc3 Rxc3 19. Bd2 Rcc8 20. Nf5 Nxd5 21. Bc4 Bf8 22. Bc1 N7f6 23. Bg5 b5 24. Bd3 g6 25.
Bxf6 Nxf6 26. Ng3 Rcd8 27. Kg1 Bc5+ 28. Kh1 Re3 29. Be2 Rxd1 30. Rxd1 Nd5 31. h3 Bd6 32.
Ne4 Bf4 33. Nd6 Bxd6 34. Bf1 Bg3 35. a4 bxa4 36. bxa4 Re1 37. Rxe1 Bxe1 38. a5 Bxa5 39. h4 Bc7 40. h5 gxh5 41. g4 h4 42. g5 Nf4 43. g6 Bxf3+ 44. Kh2 hxg6 45. Bc4 g5 46. Kg1 g4 47. Kh2 g3+ 48. Kg1 h3 49. Kf1 h2 50. Ke1 h1=Q+ 51. Kd2 Qd1+ 52. Kc3 Be5+ 53. Kb4 Qb1+ 54. Kc5 Qg1+ 55. Kb4 Qb6+ 56. Ka3 Qb2+ 57. Ka4 Bc6+ 58. Ka5 Bc7+ 59. Kxa6 Qb6# 0-1

[Event "Early-Titled-Tuesday-Blitz-March-12-2024"]
[Site "Chess.com"]
[Date "2024.03.12"]
[Round "4"]
[White "Statham_01"]
[Black "Danny_Billiards"]
[Result "0-1"]
[WhiteElo "2581"]
[BlackElo "2797"]
[TimeControl "180+1"]
[EndTime "8:39:45 PDT"]
[Termination "Danny_Billiards won by resignation"]

1. e4 e6 2. d4 d5 3. Bd3 dxe4 4. Bxe4 Nf6 5. Bf3 c5 6. Ne2 Be7 7. Be3 O-O 8. Nbc3 cxd4 9. Qxd4 Nc6 10. Qxd8 Rxd8 11. Ng3 Ne5 12. Be2 Bd7 13. O-O-O Neg4 14. Bb5 Nxe3 15. fxe3 Bxb5 16. Nxb5 a6 17. Nd4 Nd5 18. e4 Ne3 19. Rd2 Nxg2 20. Kb1 Ne3 21. c3 Bf6 22.
Re2 Nc4 23. Nf3 Rd3 24. Rf1 Ne5 25. Nd4 Ng4 26. Nh5 Bxd4 27. cxd4 g6 28. Nf4 Rxd4 29.
h3 Ne5 30. Rc1 Rad8 31. a3 Rd1 32. Rxd1 Rxd1+ 33. Kc2 Rf1 34. Ng2 Nc6 35. Kc3 Rf3+ 36. Kc4 Rxh3 37. Nf4 Rh4 38. Nd3 Kg7 39. Kc5 h5 40.
Kd6 Rh3 41. Nc5 Nd4 42. Rf2 Rf3 43. Rd2 Nb3 44. Nxb3 Rxb3 45. Ke7 h4 46. Rf2 f5 47. e5 Rb6 48. Rd2 h3 49. Rd6 Rxd6 50. exd6 h2 51. d7 h1=Q 52. d8=Q Qh4+ 0-1

[Event "Early-Titled-Tuesday-Blitz-March-12-2024"]
[Site "Chess.com"]
[Date "2024.03.12"]
[Round "4"]
[White "Sina_Movahed"]
[Black "manitodeplomo"]
[Result "0-1"]
[WhiteElo "3044"]
[BlackElo "2729"]
[TimeControl "180+1"]
[EndTime "8:39:46 PDT"]
[Termination "manitodeplomo won by resignation"]

1. e4 e6 2. d4 d5 3. e5 c5 4. c3 Nc6 5. Nf3 Bd7 6. Bd3 Rc8 7. O-O cxd4 8. cxd4 Nb4 9. Nc3 Nxd3 10. Qxd3 Ne7 11. h4 h6 12. h5 Nc6 13. Bf4 Be7 14. Qd2 Na5 15. b3 Bb4 16. Rac1 a6 17. Rc2 Rc6 18.
Rfc1 Ba3 19. Rd1 Bb4 20. Qd3 Qc7 21. Rdc1 Ba3 22. Rd1 Bb4 23. Bd2 O-O 24. Rdc1 Ba3 25.
Rb1 Bb4 26. Ne1 Rc8 27. Nxd5 exd5 28. Bxb4 Rxc2 29. Nxc2 Qxc2 30. Qxc2 Rxc2 31. Bxa5 Rxa2 32. Bb4 Bg4 33. Rc1 Rb2 34. Rc3 Bxh5 35. Bd6 Bd1 36.
b4 b6 37. Rc8+ Kh7 38. f3 a5 39. bxa5 bxa5 40. Rc7 Kg6 41. e6 fxe6 42. Be5 a4 43. Rxg7+ Kh5 44. Bf6 Bxf3 45. gxf3 a3 0-1

[Event "Early-Titled-Tuesday-Blitz-March-12-2024"]
[Site "Chess.com"]
[Date "2024.03.12"]
[Round "4"]
[White "Vladimir_Zakhartsov"]
[Black "BilicVladimir"]
[Result "1-0"]
[WhiteElo "2859"]
[BlackElo "2659"]
[TimeControl "180+1"]
[EndTime "8:39:46 PDT"]
[Termination "Vladimir_Zakhartsov won by resignation"]

1. d4 d5 2. c4 c6 3. cxd5 cxd5 4.
Bf4 Nc6 5. e3 Nf6 6. Bb5 Bd7 7.
Nf3 Qa5+ 8. Nc3 Ne4 9. Qb3 Nxc3 10. bxc3 e6 11. O-O Be7 12. c4 dxc4 13. Bxc4 Qb4 14.
Qxb4 Bxb4 15. Rab1 b6 16. d5 exd5 17. Bxd5 Bc5 18.
Ne5 Rc8 19. Bxf7+ Ke7 20. Nxd7 Kxd7 21. Rfd1+ Ke7 22. Bd5 Nb4 23. Bb3 Nc6 24. g4 h6 25.
h4 Rhd8 26. g5 Bd6 27. gxh6 Bxf4 28. Rxd8 Nxd8 29. hxg7 Ne6 30. Bxe6 Kxe6 31. exf4 Rg8 32. Rb5 Rxg7+ 33. Rg5 Rb7 34. h5 b5 35. h6 a5 36. Rh5 Rb8 37. h7 Rh8 38. Rxb5 Rxh7 39. Rxa5 Rb7 40. Kg2 Rb2 41. Kg3 Kf6 42. Ra8 Kf5 43.
a4 Rb3+ 44. f3 Rb1 45. a5 Rg1+ 46. Kf2 Ra1 47. a6 Kg6 48. a7 Kg7 49. f5 Ra3 50. f6+ Kh7 51. f7 1-0

[Event "Early-Titled-Tuesday-Blitz-March-12-2024"]
[Site "Chess.com"]
[Date "2024.03.12"]
[Round "4"]
[White "RobertJFischer71"]
[Black "GMSrinath"]
[Result "0-1"]
[WhiteElo "2571"]
[BlackElo "2795"]
[TimeControl "180+1"]
[EndTime "8:39:49 PDT"]
[Termination "GMSrinath won on time"]

1. e4 c5 2. Nf3 d6 3. d4 cxd4 4. Nxd4 Nf6 5. f3 Nc6 6. c4 e6 7.
Nc3 Be7 8. Be3 O-O 9. Be2 d5 10.
Nxc6 bxc6 11. cxd5 exd5 12. exd5 Nxd5 13. Nxd5 cxd5 14.
O-O Bf6 15. Bd4 Rb8 16. b3 Re8 17. Re1 Rb4 18. Bxf6 Qxf6 19. Rc1 Be6 20. Qd2 Rh4 21. Bf1 h6 22. Rc7 a5 23. Rec1 a4 24. Bb5 Rb8 25.
bxa4 Qe5 26. g3 Rd4 27. Qf2 Rb4 28. R7c2 d4 29. Qd2 Qd6 30. Rc6 Qf8 31. Rc7 h5 32. Qg5 Rb2 33. Qxh5 Qb4 34. Bd3 g6 0-1

[Event "Early-Titled-Tuesday-Blitz-March-12-2024"]
[Site "Chess.com"]
[Date "2024.03.12"]
[Round "4"]
[White "becemix"]
[Black "Resignify"]
[Result "1-0"]
[WhiteElo "2457"]
[BlackElo "2252"]
[TimeControl "180+1"]
[EndTime "8:39:51 PDT"]
[Termination "becemix won on time"]

1. e4 Nf6 2. e5 Nd5 3. c4 Nb6 4.
d4 d6 5. exd6 exd6 6. Nc3 Be7 7.
Bd3 O-O 8. Nge2 Bg4 9. f3 Bh5 10. O-O Bg6 11. Bxg6 hxg6 12. d5 Nxc4 13. a4 a5 14. Qb3 Nb6 15. Be3 N8d7 16. Rac1 Re8 17. Nb5 Nc5 18. Bxc5 dxc5 19. Rfd1 Bd6 20. Nxd6 cxd6 21.
Nc3 Rb8 22. Re1 Rxe1+ 23. Rxe1 Nd7 24. Qb5 Nf6 25. g4 b6 26. Kg2 Kf8 27. Kg3 Qd7 28. Qxd7 Nxd7 29. Nb5 Ne5 30. Nxd6 Nd3 31. Re2 Rd8 32.
Nc4 Rxd5 33. Nxb6 Rd4 34. Rd2 f6 35. b3 Kf7 36. Nc4 Ke6 37. Nxa5 g5 38. Nc4 Kd5 39. a5 Kc6 40. a6 Nb4 41. a7 1-0

[Event "Early-Titled-Tuesday-Blitz-March-12-2024"]
[Site "Chess.com"]
[Date "2024.03.12"]
[Round "4"]
[White "Valio_M1948"]
[Black "Winner_7777"]
[Result "0-1"]
[WhiteElo "2405"]
[BlackElo "2568"]
[TimeControl "180+1"]
[EndTime "8:39:53 PDT"]
[Termination "Winner_7777 won on time"]

1. Nf3 d5 2. e3 c6 3. b3 Nf6 4.
Bb2 Bg4 5. Be2 Nbd7 6. O-O Qc7 7.
c4 e6 8. Nc3 Bd6 9. h3 Bh5 10.
Rc1 a6 11. cxd5 exd5 12. g4 Bg6 13. g5 Ne4 14. Nxd5 Qd8 15. Nf4 Nxg5 16. Kg2 Bxf4 17. exf4 Ne6 18. Kg3 Nf6 19. Ne5 Ne4+ 20. Kf3 Nxd2+ 21.
Ke3 Nxf1+ 22. Bxf1 Qb6+ 23. Kf3 Bh5+ 24. Ng4 f5 25.
Qd6 fxg4+ 26. hxg4 Bf7 27. Re1 Qd8 28. Qb4 Qe7 29.
Qxe7+ Kxe7 30. f5 Kd7 31. fxe6+ Bxe6 32. Kg3 Bd5 33. Bxg7 Rhg8 34. Bf6 Rae8 35. Rd1 Ref8 36. Be5 h5 37. Be2 hxg4 38. Bxg4+ Ke8 0-1

[Event "Early-Titled-Tuesday-Blitz-March-12-2024"]
[Site "Chess.com"]
[Date "2024.03.12"]
[Round "4"]
[White "jodarmarlon1985"]
[Black "tusplingher"]
[Result "1-0"]
[WhiteElo "2276"]
[BlackElo "2446"]
[TimeControl "180+1"]
[EndTime "8:39:53 PDT"]
[Termination "jodarmarlon1985 won by resignation"]

1. e4 c5 2. Nf3 d6 3. d4 cxd4 4. Nxd4 Nf6 5. Nc3 a6 6. Be3 Ng4 7. Bg5 h6 8. Bh4 g5 9. Bg3 Bg7 10. h3 Ne5 11. f3 Nbc6 12. Bf2 Qa5 13. Nb3 Qc7 14. Qd2 b5 15. Nd5 Qb7 16. h4 g4 17.
f4 Nc4 18. Bxc4 bxc4 19. Na5 Nxa5 20. Qxa5 Qxb2 21. Nc7+ Kf8 22. O-O Rb8 23. Rab1 Qxb1 24. Rxb1 Rxb1+ 25. Kh2 Bd7 26. Qxa6 Bf6 27. Qxc4 Kg7 28.
Nd5 Rc8 29. Qe2 Rc1 30. e5 dxe5 31. fxe5 R1xc2 32. exf6+ exf6 33. Qe3 Re8 34. Qf4 Re6 35. Bd4 Rcc6 36. Nxf6 Rxf6 37. a4 Kg6 38. h5+ Kg7 39. a5 Bc8 40. Bxf6+ Rxf6 41. Qd4 Ba6 42. Kg3 Bb7 43.
Qc3 Ba6 44. Kxg4 Bf1 45. g3 Be2+ 46. Kh4 Ba6 47. g4 Be2 48. g5 1-0

[Event "Early-Titled-Tuesday-Blitz-March-12-2024"]
[Site "Chess.com"]
[Date "2024.03.12"]
[Round "4"]
[White "Zhigalko_Sergei"]
[Black "jk13"]
[Result "0-1"]
[WhiteElo "2839"]
[BlackElo "2675"]
[TimeControl "180+1"]
[EndTime "8:39:54 PDT"]
[Termination "jk13 won on time"]

1. e4 e5 2. Nf3 Nc6 3. Bc4 Bc5 4.
b4 Bxb4 5. c3 Ba5 6. d4 exd4 7.
O-O Nge7 8. Ng5 d5 9. Nxf7 Kxf7 10. exd5 Ne5 11. Bb3 Nf5 12. cxd4 Ng6 13. d6+ Kf8 14. dxc7 Bxc7 15. Nc3 Qxd4 16. Ba3+ Bd6 17. Qxd4 Nxd4 18. Bxd6+ Ke8 19. Ba4+ Kf7 20. Rad1 Nf5 21. Ne4 h6 22. Nc5 Be6 23. Nxe6 Kxe6 24. Ba3 Rhd8 25. Rfe1+ Kf7 26. Bb3+ Kf6 27. Bb2+ Kg5 28. g3 h5 29. h4+ Kh6 30. Bc2 Rf8 31. Rd5 Nge7 32. Rxe7 Nxe7 33. Bc1+ g5 34. Bxg5+ Kg7 35. Bxe7 Rf7 36. Rg5+ Kh6 37. Rg6+ Kh7 38. Rg5+ Kh6 39. Bd6 Re8 40. Bf4 Rxf4 41. gxf4 Re2 0-1

[Event "Early-Titled-Tuesday-Blitz-March-12-2024"]
[Site "Chess.com"]
[Date "2024.03.12"]
[Round "4"]
[White "Aygehovit1992"]
[Black "Chessmissile07"]
[Result "1-0"]
[WhiteElo "2719"]
[BlackElo "2942"]
[TimeControl "180+1"]
[EndTime "8:39:55 PDT"]
[Termination "Aygehovit1992 won by checkmate"]

1. e4 a6 2. d4 d5 3. exd5 Qxd5 4.
Nc3 Qd6 5. g3 Nf6 6. Bg2 g6 7. Bf4 Qb6 8. Qd2 Bg7 9. O-O-O O-O 10. Nf3 Nc6 11. Ne5 Nxe5 12. Bxe5 Bf5 13. h3 Rad8 14. g4 Be6 15. Rhe1 Qa5 16. Kb1 b5 17. Nd5 Qxd2 18. Nxe7+ Kh8 19. Rxd2 Rd7 20. Nc6 Bd5 21. Bxd5 Nxd5 22. a3 Nb6 23. b3 Kg8 24. g5 Re8 25. Rde2 Re6 26. Bxg7 Rxe2 27. Rxe2 Kxg7 28. Re8 Rd6 29.
Ne5 Nd7 30. Re7 Nxe5 31. dxe5 Re6 32. Rxe6 fxe6 33. b4 Kf7 34. Kb2 Ke7 35. Kc3 Kd7 36.
Kd4 Kc6 37. h4 Kb6 38. c4 Kc6 39. f4 Kb6 40. cxb5 axb5 41. f5 exf5 42. e6 Kc6 43.
Ke5 f4 44. Kf6 f3 45. e7 Kd7 46. Kf7 f2 47. e8=Q+ Kd6 48. Qe2 Kc6 49. Qxf2 Kb7 50. Qc5 Kb8 51. Kg7 Kb7 52. Kxh7 Kb8 53. Kxg6 Kb7 54.
h5 Kb8 55. h6 Kb7 56. h7 Ka6 57. h8=Q Kb7 58. Qd8 Ka6 59. Qc8# 1-0

[Event "Early-Titled-Tuesday-Blitz-March-12-2024"]
[Site "Chess.com"]
[Date "2024.03.12"]
[Round "4"]
[White "sokidze"]
[Black "PabloZarnicki"]
[Result "0-1"]
[WhiteElo "2786"]
[BlackElo "2599"]
[TimeControl "180+1"]
[EndTime "8:39:55 PDT"]
[Termination "PabloZarnicki won by checkmate"]

1. d4 Nf6 2. c4 e6 3. Nf3 b6 4. g3 Ba6 5. Qa4 Bb7 6. Bg2 c5 7.
dxc5 Bxc5 8. O-O O-O 9. Nc3 Be7 10. Rd1 Na6 11. Bf4 Nc5 12. Qc2 Qc8 13. Nb5 Nce4 14. Rac1 a6 15. Nd6 Nxd6 16. Bxd6 Bxd6 17. Rxd6 Qc7 18.
Rdd1 Rac8 19. Qd2 Ne4 20. Qxd7 Qxd7 21. Rxd7 Bc6 22. Rd4 Nf6 23. Rcd1 b5 24. Ne5 Bxg2 25. Kxg2 bxc4 26. Rxc4 Rb8 27. b4 g6 28. Rd6 Ra8 29.
Nc6 Kg7 30. Na5 Nd5 31. e4 Nf6 32. f3 Rfc8 33. Rcc6 Rcb8 34. a3 Ne8 35. Rd7 Nf6 36.
Rdc7 Rd8 37. Rxe6 Rd2+ 38. Kh3 Rd3 39. Ree7 Rf8 40. Kg2 Rd2+ 41. Kh3 Rd3 42. f4 h5 43. Nc4 Ng4 44. Ne5 Nf2+ 45. Kg2 Rd2 46. Rxf7+ Rxf7 47. Rxf7+ Kh6 48. Kf3 Nd1 49. Rd7 Rf2# 0-1

[Event "Early-Titled-Tuesday-Blitz-March-12-2024"]
[Site "Chess.com"]
[Date "2024.03.12"]
[Round "4"]
[White "Koalaskakistis"]
[Black "martinmena"]
[Result "1-0"]
[WhiteElo "2521"]
[BlackElo "2272"]
[TimeControl "180+1"]
[EndTime "8:39:58 PDT"]
[Termination "Koalaskakistis won on time"]

1. e4 c6 2. d4 d5 3. exd5 cxd5 4. Bd3 Nc6 5. c3 Qc7 6. h3 g6 7. Nf3 Bf5 8. Bxf5 gxf5 9. O-O Nf6 10. Re1 e6 11.
Nbd2 Ne4 12. Nxe4 dxe4 13. Ne5 Nxe5 14. dxe5 Qxe5 15. g3 Rg8 16. Kh2 Qd5 17. Qa4+ b5 18. Qa6 Bc5 19. Qxb5+ Ke7 20. Rd1 Rab8 21. Bg5+ f6 22. Qe2 Qc6 23. Bf4 e5 24. Be3 Bxe3 25. Qxe3 Rxb2 26. Qxa7+ Rb7 27. Qa3+ Kf7 28. Rab1 Rgb8 29. Rd6 Qxd6 30. Rxb7+ Rxb7 31. Qxd6 Rb2 32. Kg1 Rb1+ 33. Kg2 Rb2 34. Qc5 f4 35. gxf4 exf4 36. Qd5+ Kg7 37. Qxe4 Rxa2 38. Qxf4 Rc2 39. Qg4+ Kf7 40.
Qd7+ Kf8 41. Qd8+ Kg7 42. Qe7+ Kg8 43. c4 Rc3 44. Qxf6 h5 45. Qxc3 1-0